[Event "42nd Olympiad Baku 2016 Women"]
[Site "Baku"]
[Date "2016.09.04"]
[Round "3.19"]
[White "Ankudinova, Yelena"]
[Black "Raeva, Elitsa"]
[Result "1-0"]
[ECO "A46"]
[WhiteElo "2126"]
[BlackElo "2232"]
[Annotator ""]
[PlyCount "111"]
[EventDate "2016.??.??"]
[EventCountry "AZE"]
[SourceTitle "playchess.com"]
[Source "ChessBase"]
[WhiteTeam "Kazakhstan"]
[BlackTeam "Bulgaria"]
[WhiteTeamCountry "KAZ"]
[BlackTeamCountry "BUL"]
[TimeControl "40/5400+30:1800+30"]

1. d4 {(00:00)} Nf6 {(00:00)} 2. Nf3 {(00:06)} e6 {
(00:10)} 3. e3 {(02:21)} b6 {(03:26)} 4. Bd3 {(00:
14)} Bb7 {(00:06)} 5. Nbd2 {(00:17)} c5 {(01:01)} 6. O-O {
(00:56)} Nc6 {(03:31)} 7. a3 {(05:51)} Be7 {(02:02]
} 8. b3 {(04:36)} cxd4 {(07:48)} 9. exd4 {(02:25)} Nd5 {
(01:48)} 10. c4 {(02:56)} Nf4 {(01:26)} 11. Bc2 {(
08:54)} d5 {(13:50)} 12. Re1 {(10:14)} O-O {(31:14)} 13.
Nf1 {(03:27)} Bd6 {(02:26)} 14. Ne5 {(09:52)} Ng6 {
(11:07)} 15. Nxc6 {(12:07)} Bxc6 {(00:20)} 16. Qh5 {
(01:52)} dxc4 {(02:24)} 17. bxc4 {(00:56)} Qf6 {(
00:53)} 18. Be3 {(02:52)} Bf4 {(04:00)} 19. Rad1 {(02:06)}
Rad8 {(02:08)} 20. d5 {(03:43)} exd5 {(00:14)} 21. cxd5 {
(00:10)} Bb7 {(00:33)} 22. Bxf4 {(01:23)} Qxf4 {(
00:08)} 23. Re7 {(01:57)} Bxd5 {(03:58)} 24. Rxa7 {(03:34]
} Be6 {(03:43)} 25. Ne3 {(01:19)} Rxd1+ {(00:44)} 26. Qxd1
{(00:54)} Qg5 {(00:06)} 27. Qb1 {(05:26)} Rc8 {(01:
26)} 28. Rb7 {(01:05)} Nf4 {(00:58)} 29. Rxb6 {(03:56)}
Nxg2 {(02:00)} 30. Rb5 {(01:04)} f5 {(00:33)} 31. Nxg2 {
(00:36)} Qd2 {(00:47)} 32. Rb8 {(01:21)} Rxb8 {(00:
22)} 33. Qxb8+ {(00:04)} Kf7 {(00:04)} 34. Qb7+ {(01:15)}
Kf6 {(01:01)} 35. Qb2+ {(00:54)} Kf7 {(00:08)} 36. Qb1 {
(00:29)} f4 {(00:53)} 37. Qd1 {(03:31)} Qa5 {(00:
27)} 38. Qf3 {(01:17)} g5 {(00:34)} 39. Qh5+ {(00:25)} Kf8
{(00:34)} 40. Qh6+ {(00:00)} Ke7 {(00:00)} 41. Qxh7+ {
(00:41)} Kd6 {(01:48)} 42. Qd3+ {(05:49)} Ke7 {(00:
08)} 43. a4 {(01:34)} Qe5 {(00:25)} 44. Qe4 {(01:53)} Qb2
{(01:49)} 45. h4 {(01:38)} f3 {(04:10)} 46. Ne3 {(
03:55)} Qc1+ {(01:40)} 47. Kh2 {(00:33)} g4 {(02:39)} 48.
Bb3 {(02:30)} g3+ {(01:30)} 49. Kxg3 {(00:21)} Qg1+ {
(01:07)} 50. Kxf3 {(02:58)} Qh1+ {(00:35)} 51. Ng2 {
(00:12)} Qh3+ {(01:55)} 52. Ke2 {(00:11)} Qxb3 {(
01:01)} 53. Nf4 {(00:55)} Qb2+ {(01:11)} 54. Kf1 {(00:51)}
Qa1+ {(00:02)} 55. Kg2 {(00:13)} Qg7+ {(00:09)} 56. Kh2 {
(00:10)} 1-0

[Event "42nd Olympiad Baku 2016 Women"]
[Site "Baku"]
[Date "2016.09.04"]
[Round "3.18"]
[White "Arbona Avila, Zaily M"]
[Black "Nguyen, Thu Giang"]
[Result "0-1"]
[ECO "B13"]
[WhiteElo "1535"]
[BlackElo "2119"]
[Annotator ""]
[PlyCount "50"]
[EventDate "2016.??.??"]
[EventCountry "AZE"]
[SourceTitle "playchess.com"]
[Source "ChessBase"]
[WhiteTeam "ARU"]
[BlackTeam "AUS"]
[BlackTeamCountry "AUS"]
[TimeControl "40/5400+30:1800+30"]

1. e4 {(00:00)} c6 {(00:00)} 2. d4 {(00:00)} d5 {(
00:00)} 3. exd5 {(00:01)} cxd5 {(00:00)} 4. Bd3 {(00:29)}
Nc6 {(00:00)} 5. c3 {(00:14)} g6 {(00:00)} 6. Nf3 {
(00:45)} Bg7 {(00:09)} 7. O-O {(02:05)} Nf6 {(00:
47)} 8. Qc2 {(02:14)} O-O {(01:39)} 9. Bg5 {(04:36)} Nh5 {
(11:21)} 10. Nbd2 {(04:13)} Qd6 {(06:39)} 11. Rfe1 {
(12:58)} f6 {(02:00)} 12. Bh4 {(03:26)} e5 {(02:02]
} 13. Bxg6 {(05:48)} hxg6 {(01:52)} 14. Qxg6 {(00:24)} Nf4
{(01:20)} 15. dxe5 {(14:01)} Nxe5 {(06:22)} 16. Qc2 {
(11:29)} Qd7 {(18:35)} 17. Bg3 {(04:12)} Qg4 {(04:
32)} 18. Bxf4 {(09:43)} Qxf4 {(00:47)} 19. Nd4 {(10:41)}
Bg4 {(07:42)} 20. f3 {(01:56)} Bd7 {(00:49)} 21. Nf1 {
(01:08)} Nc6 {(08:20)} 22. Qb3 {(01:30)} Qd6 {(00:
56)} 23. Nb5 {(01:27)} Qc5+ {(00:22)} 24. Kh1 {(00:25)}
Na5 {(00:15)} 25. Qa3 {(02:35)} Qxb5 {(00:29)} 0-1

[Event "42nd Olympiad Baku 2016 Women"]
[Site "Baku"]
[Date "2016.09.04"]
[Round "3.9"]
[White "Arribas Robaina, Maritza"]
[Black "Daulyte, Deimante"]
[Result "1/2-1/2"]
[ECO "B07"]
[WhiteElo "2315"]
[BlackElo "2421"]
[Annotator ""]
[PlyCount "102"]
[EventDate "2016.??.??"]
[EventCountry "AZE"]
[SourceTitle "playchess.com"]
[Source "ChessBase"]
[WhiteTeam "Cuba"]
[BlackTeam "Lithuania"]
[WhiteTeamCountry "CUB"]
[BlackTeamCountry "LTU"]
[TimeControl "40/5400+30:1800+30"]

1. e4 {(00:00)} d6 {(00:00)} 2. d4 {(00:00)} Nf6 {(
00:00)} 3. Nc3 {(00:10)} e5 {(00:09)} 4. dxe5 {(02:54)}
dxe5 {(00:06)} 5. Qxd8+ {(00:06)} Kxd8 {(00:04)} 6. Bg5 {
(00:29)} Be6 {(00:23)} 7. O-O-O+ {(00:38)} Kc8 {(
01:09)} 8. f4 {(03:35)} exf4 {(01:37)} 9. Nge2 {(01:39)}
Nbd7 {(14:54)} 10. Nxf4 {(05:54)} Bg4 {(00:11)} 11. Re1 {
(11:16)} Bd6 {(09:52)} 12. Nfd5 {(08:57)} Nxd5 {(
08:51)} 13. exd5 {(01:03)} f6 {(00:19)} 14. Bd2 {(01:14)}
a6 {(00:44)} 15. Ne4 {(01:03)} Be5 {(00:24)} 16. Bd3 {
(07:04)} Bh5 {(08:01)} 17. c4 {(11:46)} Bf7 {(05:
11)} 18. Kc2 {(08:13)} b6 {(01:00)} 19. Bc3 {(12:45)} Kb7
{(05:00)} 20. Nd2 {(00:40)} Bxc3 {(08:30)} 21. Kxc3 {
(00:31)} Ne5 {(00:13)} 22. Be4 {(01:33)} Rae8 {(02:
59)} 23. Rhf1 {(02:17)} Bg6 {(02:05)} 24. Nf3 {(06:32)}
Bxe4 {(08:45)} 25. Rxe4 {(00:07)} Nxf3 {(00:08)} 26. gxf3
{(01:15)} f5 {(00:38)} 27. Rd4 {(07:11)} Re2 {(02:
52)} 28. Rd2 {(01:36)} Rhe8 {(00:41)} 29. Rf2 {(00:30)}
Rxf2 {(08:38)} 30. Rxf2 {(00:02)} Re3+ {(00:13)} 31. Kd4 {
(00:27)} f4 {(00:05)} 32. b4 {(00:30)} Kc8 {(01:33]
} 33. c5 {(03:04)} Kd7 {(04:14)} 34. h4 {(00:20)} g6 {
(00:36)} 35. h5 {(00:58)} bxc5+ {(03:56)} 36. bxc5 {
(00:02)} gxh5 {(00:59)} 37. Rh2 {(00:11)} Rxf3 {(
00:44)} 38. Rxh5 {(00:08)} Ra3 {(00:53)} 39. Rxh7+ {(00:
17)} Kd8 {(00:20)} 40. Rf7 {(00:00)} Rxa2 {(00:00)} 41.
Rxf4 {(06:10)} Ra4+ {(11:50)} 42. Ke5 {(00:40)} Rxf4 {
(00:06)} 43. Kxf4 {(00:05)} Kd7 {(00:57)} 44. Ke5 {
(00:31)} Ke7 {(00:25)} 45. Kd4 {(02:34)} Kf6 {(01:
11)} 46. c6 {(06:06)} Ke7 {(01:27)} 47. Kc5 {(00:25)} Kd8
{(00:27)} 48. Kb4 {(04:21)} Ke7 {(00:23)} 49. Kc5 {
(00:22)} Kd8 {(00:05)} 50. Kb4 {(01:35)} Ke7 {(00:
07)} 51. Kc5 {(00:08)} Kd8 {(00:05)} 1/2-1/2

[Event "42nd Olympiad Baku 2016 Women"]
[Site "Baku"]
[Date "2016.09.04"]
[Round "3.25"]
[White "Aseel, Odeh"]
[Black "Smith, Olivia"]
[Result "0-1"]
[ECO "C49"]
[WhiteElo "1547"]
[BlackElo "2002"]
[Annotator ""]
[PlyCount "50"]
[EventDate "2016.??.??"]
[EventCountry "AZE"]
[SourceTitle "playchess.com"]
[Source "ChessBase"]
[WhiteTeam "Jordan"]
[BlackTeam "Wales"]
[WhiteTeamCountry "JOR"]
[BlackTeamCountry "WLS"]
[TimeControl "40/5400+30:1800+30"]

1. e4 {(00:00)} e5 {(00:00)} 2. Nf3 {(00:00)} Nf6 {
(00:00)} 3. Nc3 {(00:00)} Nc6 {(00:22)} 4. Bb5 {(
00:22)} Bb4 {(06:16)} 5. O-O {(04:14)} O-O {(06:32)} 6. d3
{(05:31)} Nd4 {(06:54)} 7. Nxd4 {(07:20)} exd4 {(
00:05)} 8. Ne2 {(04:54)} d5 {(03:22)} 9. e5 {(21:15)} Ng4
{(02:03)} 10. Nxd4 {(07:40)} Nxe5 {(04:11)} 11. Qh5 Bd6
12. h3 {(11:40)} a6 {(05:38)} 13. Ba4 {(01:44)} c5 {
(00:38)} 14. Nf3 {(22:52)} g6 {(03:07)} 15. Qh6 {(
02:22)} Nxf3+ {(00:12)} 16. gxf3 {(00:09)} b5 {(00:45)}
17. Bb3 {(02:44)} c4 {(00:16)} 18. dxc4 {(00:46)} dxc4 {
(00:08)} 19. Rd1 {(03:16)} Bh2+ {(01:58)} 20. Kxh2 {
(00:07)} Qxd1 {(00:05)} 21. Bg5 {(01:37)} Qxf3 {(
01:16)} 22. Rf1 {(01:21)} Bb7 {(00:30)} 23. Qxf8+ {(01:00]
} Rxf8 {(00:12)} 24. Rg1 {(00:07)} Qxf2+ {(00:08)} 25. Rg2
{(00:09)} Qxg2# 0-1

[Event "42nd Olympiad Baku 2016 Women"]
[Site "Baku"]
[Date "2016.09.04"]
[Round "3.7"]
[White "Atabayeva, Gozel"]
[Black "Jehad, Aysha"]
[Result "1-0"]
[ECO "B40"]
[WhiteElo "2021"]
[BlackElo "1668"]
[Annotator ""]
[PlyCount "57"]
[EventDate "2016.??.??"]
[EventCountry "AZE"]
[SourceTitle "playchess.com"]
[Source "ChessBase"]
[WhiteTeam "Turkmenistan"]
[BlackTeam "United Arab Emirates"]
[WhiteTeamCountry "TKM"]
[BlackTeamCountry "UAE"]
[TimeControl "40/5400+30:1800+30"]

1. e4 {(00:00)} c5 {(00:00)} 2. Nf3 {(00:00)} e6 {(
00:00)} 3. d4 {(00:00)} cxd4 {(00:00)} 4. Nxd4 {(00:00)}
Nf6 {(00:11)} 5. Bd3 {(00:44)} Nc6 {(01:03)} 6. Nxc6 {
(00:32)} bxc6 {(01:36)} 7. c4 {(00:41)} Be7 {(10:
04)} 8. O-O {(00:32)} e5 {(13:55)} 9. Nc3 {(09:28)} O-O {
(03:02)} 10. a3 {(01:46)} a5 {(12:57)} 11. Be3 {(
02:24)} Rb8 {(12:17)} 12. Rb1 {(02:02)} d6 {(13:22)} 13.
h3 {(00:56)} Be6 {(03:36)} 14. Qe2 {(03:48)} Qc8 {(
11:03)} 15. Rfd1 {(05:11)} Rd8 {(04:05)} 16. Rd2 {(03:10)}
d5 {(03:53)} 17. cxd5 {(05:03)} cxd5 {(00:19)} 18. exd5 {
(07:59)} Nxd5 {(02:53)} 19. Nxd5 {(05:14)} Rxd5 {(
01:46)} 20. Rc2 {(04:34)} Qd7 {(01:33)} 21. Be4 {(00:46)}
Bf5 {(01:41)} 22. Bxd5 {(04:51)} Bxc2 {(00:45)} 23. Bxf7+
{(01:21)} Kxf7 {(00:22)} 24. Qxc2 {(00:09)} g6 {(
01:01)} 25. Rd1 {(02:40)} Qe6 {(00:30)} 26. Qc7 {(05:39)}
Rxb2 {(00:32)} 27. Bg5 {(01:35)} Rxf2 {(00:29)} 28. Bxe7 {
(02:30)} Rxg2+ {(00:33)} 29. Kxg2 {(00:15)} 1-0

[Event "42nd Olympiad Baku 2016 Women"]
[Site "Baku"]
[Date "2016.09.04"]
[Round "3.1"]
[White "Atalik, Ekaterina"]
[Black "Hoang, Thanh Trang"]
[Result "1/2-1/2"]
[ECO "D37"]
[WhiteElo "2422"]
[BlackElo "2467"]
[Annotator ""]
[PlyCount "70"]
[EventDate "2016.??.??"]
[EventCountry "AZE"]
[SourceTitle "playchess.com"]
[Source "ChessBase"]
[WhiteTeam "Turkey"]
[BlackTeam "Hungary"]
[WhiteTeamCountry "TUR"]
[BlackTeamCountry "HUN"]
[TimeControl "40/5400+30:1800+30"]

1. d4 {(00:00)} d5 {(00:01)} 2. c4 {(00:00)} e6 {(
00:20)} 3. Nc3 {(00:14)} Nf6 {(00:33)} 4. Nf3 {(00:37)}
Be7 {(00:36)} 5. Bf4 {(00:22)} O-O {(01:43)} 6. e3 {
(00:35)} c5 {(01:23)} 7. dxc5 {(01:14)} Bxc5 {(01:
01)} 8. a3 {(01:59)} Nc6 {(01:49)} 9. Qc2 {(09:20)} Qa5 {
(04:33)} 10. Rd1 {(00:52)} Be7 {(04:49)} 11. Be2 {(
01:58)} Ne4 {(03:00)} 12. cxd5 {(06:19)} Nxc3 {(00:27)}
13. Qxc3 {(03:00)} Qxc3+ {(00:20)} 14. bxc3 {(00:03)} exd5
{(00:16)} 15. Rxd5 {(01:15)} Bxa3 {(00:35)} 16. Nd4 {
(01:34)} Nxd4 {(06:27)} 17. exd4 {(03:11)} b6 {(00:
56)} 18. Kd2 {(03:19)} a6 {(04:14)} 19. Ra1 {(11:35)} Be6
{(09:59)} 20. Rg5 {(04:03)} Be7 {(01:14)} 21. Rg3 {
(01:09)} Bh4 {(07:54)} 22. Re3 {(05:42)} Bxf2 {(04:
42)} 23. Re5 {(06:16)} Bh4 {(03:59)} 24. Rxa6 {(01:51)}
Bf6 {(04:22)} 25. Re3 {(03:25)} Rxa6 {(02:10)} 26. Bxa6 {
(00:03)} Ra8 {(00:36)} 27. Bb7 {(01:34)} Ra2+ {(02:
05)} 28. Ke1 {(03:41)} h5 {(05:21)} 29. Bc6 {(05:03)} Bc4
{(05:09)} 30. h3 {(16:16)} b5 {(04:30)} 31. g4 {(
02:42)} Ra1+ {(09:30)} 32. Kd2 {(00:15)} Ra2+ {(00:39)}
33. Ke1 {(01:12)} Ra1+ {(00:22)} 34. Kd2 {(00:04)} Ra2+ {
(00:05)} 35. Ke1 {(01:44)} Ra1+ {(03:29)} 1/2-1/2

[Event "42nd Olympiad Baku 2016 Women"]
[Site "Baku"]
[Date "2016.09.04"]
[Round "3.13"]
[White "Atikankhotchasee, Manunthon"]
[Black "Fierro Baquero, Martha L"]
[Result "0-1"]
[ECO "B06"]
[WhiteElo "1696"]
[BlackElo "2369"]
[Annotator ""]
[PlyCount "88"]
[EventDate "2016.??.??"]
[EventCountry "AZE"]
[SourceTitle "playchess.com"]
[Source "ChessBase"]
[WhiteTeam "Thailand"]
[BlackTeam "Ecuador"]
[WhiteTeamCountry "THA"]
[BlackTeamCountry "ECU"]
[TimeControl "40/5400+30:1800+30"]

1. e4 {(00:00)} g6 {(00:00)} 2. d4 {(00:52)} Bg7 {(
00:00)} 3. Nf3 {(00:25)} c6 {(00:00)} 4. Bc4 {(06:41)} d5
{(00:43)} 5. exd5 {(00:22)} cxd5 {(00:05)} 6. Bb5+ {
(00:23)} Bd7 {(00:44)} 7. a4 {(00:49)} Nf6 {(00:31]
} 8. Ne5 {(01:37)} O-O {(00:52)} 9. O-O {(03:10)} a6 {
(01:06)} 10. Bd3 {(01:14)} Nc6 {(01:24)} 11. Nxd7 {
(02:21)} Nxd7 {(04:49)} 12. c3 {(06:42)} e5 {(05:
32)} 13. dxe5 {(02:01)} Ndxe5 {(00:06)} 14. Bc2 {(00:31)}
d4 {(01:38)} 15. Be4 {(04:20)} Qh4 {(03:25)} 16. Bxc6 {
(06:14)} Nxc6 {(00:12)} 17. Qf3 {(03:27)} Rad8 {(
02:32)} 18. Bf4 {(01:44)} Rfe8 {(01:22)} 19. Bg3 {(06:45)}
Qe7 {(00:19)} 20. Na3 {(01:09)} Qe2 {(12:11)} 21. Qxe2 {
(03:35)} Rxe2 {(03:00)} 22. cxd4 {(04:15)} Rxb2 {(
02:14)} 23. Nc4 {(00:25)} Rb4 {(00:14)} 24. Nd6 {(05:41)}
Nxd4 {(00:22)} 25. Rab1 {(00:32)} Ne2+ {(00:03)} 26. Kh1 {
(00:39)} Nxg3+ {(00:05)} 27. hxg3 {(00:49)} Rxb1 {(
00:05)} 28. Rxb1 {(00:15)} Rxd6 {(00:04)} 29. Rxb7 {(00:
14)} Bd4 {(00:03)} 30. f4 {(00:57)} Rd5 {(00:34)} 31. g4 {
(00:42)} h5 {(00:07)} 32. g5 {(00:16)} h4 {(00:05)}
33. Rb4 {(00:29)} Bf2 {(00:15)} 34. Kh2 {(01:10)} Rd3 {
(01:16)} 35. Rc4 {(01:51)} Kg7 {(00:12)} 36. Re4 {(
00:36)} Rd4 {(00:27)} 37. Rxd4 {(00:13)} Bxd4 {(00:04)}
38. Kh3 {(00:12)} Bf2 {(00:27)} 39. Kg4 {(00:12)} a5 {
(00:10)} 40. Kf3 {(00:00)} Bg3 {(00:00)} 41. Kg4 {(
00:33)} f5+ {(00:28)} 42. Kf3 {(01:16)} Kf7 {(00:06)} 43.
Ke3 {(00:09)} Ke6 {(00:04)} 44. Kd4 {(00:08)} Bxf4 {
(00:07)} 0-1

[Event "42nd Olympiad Baku 2016 Women"]
[Site "Baku"]
[Date "2016.09.04"]
[Round "3.15"]
[White "Avalos, Rosana"]
[Black "Hng, Mei-En Emmanuelle"]
[Result "0-1"]
[ECO "B43"]
[WhiteElo "1576"]
[BlackElo "1883"]
[Annotator ""]
[PlyCount "60"]
[EventDate "2016.??.??"]
[EventCountry "AZE"]
[SourceTitle "playchess.com"]
[Source "ChessBase"]
[WhiteTeam "Paraguay"]
[BlackTeam "Singapore"]
[WhiteTeamCountry "PAR"]
[BlackTeamCountry "SIN"]
[TimeControl "40/5400+30:1800+30"]

1. e4 {(00:00)} c5 {(00:00)} 2. Nf3 {(00:00)} e6 {(
00:02)} 3. d4 {(00:00)} cxd4 {(00:14)} 4. Nxd4 {(00:00)}
a6 {(00:17)} 5. Nc3 {(00:19)} Qc7 {(00:34)} 6. Be2 {
(00:14)} b5 {(02:25)} 7. a3 {(02:44)} Bb7 {(01:43)}
8. O-O {(05:01)} Nf6 {(02:47)} 9. f3 {(14:47)} Be7 {
(06:49)} 10. Be3 {(02:25)} O-O {(04:50)} 11. Nb3 {(
01:12)} d5 {(07:06)} 12. exd5 {(01:38)} Nxd5 {(00:15)} 13.
Nxd5 {(00:34)} Bxd5 {(00:19)} 14. Bd3 {(05:09)} Nc6 {
(04:25)} 15. Bf2 {(01:58)} Bd6 {(03:41)} 16. f4 {(
05:57)} Bxf4 {(10:25)} 17. Qh5 {(00:17)} f5 {(07:22)} 18.
Bc5 {(06:31)} Rf6 {(01:59)} 19. Qh4 {(14:43)} g5 {(
03:48)} 20. Qh5 {(11:50)} g4 {(01:14)} 21. Rxf4 {(05:33)}
Qxf4 {(00:14)} 22. Rf1 {(00:44)} Qh6 {(11:56)} 23. Qxh6 {
(00:15)} Rxh6 {(00:08)} 24. Nd2 {(00:46)} Ne5 {(04:
18)} 25. Be2 {(03:25)} Nc4 {(01:54)} 26. Nb1 {(00:14)}
Nxb2 {(03:50)} 27. Be3 {(00:39)} Rg6 {(00:35)} 28. Bd4 {
(00:13)} Rc8 {(07:26)} 29. Bxb2 {(08:06)} Rxc2 {(
00:09)} 30. Bxb5 {(00:13)} Rxg2+ {(00:11)} 0-1

[Event "42nd Olympiad Baku 2016 Women"]
[Site "Baku"]
[Date "2016.09.04"]
[Round "3.32"]
[White "Ayiku, Angela Naa Amerley"]
[Black "Farnela, Nuzela Zacarias Mus"]
[Result "1-0"]
[ECO "C50"]
[WhiteElo "1477"]
[BlackElo "1350"]
[Annotator ""]
[PlyCount "53"]
[EventDate "2016.??.??"]
[EventCountry "AZE"]
[SourceTitle "playchess.com"]
[Source "ChessBase"]
[WhiteTeam "Ghana"]
[BlackTeam "Mozambique"]
[WhiteTeamCountry "GHA"]
[BlackTeamCountry "MOZ"]
[TimeControl "40/5400+30:1800+30"]

1. e4 {(00:00)} e5 {(00:00)} 2. Nf3 {(00:00)} Nc6 {
(00:00)} 3. Bc4 {(00:35)} Be7 {(01:20)} 4. c3 {(00:
57)} Nf6 {(02:24)} 5. Qe2 {(04:40)} d6 {(02:00)} 6. h3 {
(08:11)} O-O {(02:16)} 7. d4 {(00:27)} exd4 {(06:
44)} 8. cxd4 {(00:32)} Na5 {(00:55)} 9. Nc3 {(08:18)} c5 {
(11:05)} 10. d5 {(04:12)} Nxc4 {(01:19)} 11. Qxc4 {
(00:22)} Nh5 {(04:09)} 12. O-O {(00:55)} f5 {(01:
21)} 13. Re1 {(02:53)} fxe4 {(13:58)} 14. Rxe4 {(00:40)}
Bxh3 {(04:06)} 15. Bd2 {(06:42)} Bf5 {(13:07)} 16. Re3 {
(04:02)} Bg5 {(09:42)} 17. Nxg5 {(03:22)} Qxg5 {(
00:11)} 18. Rae1 {(09:44)} Qg6 {(03:16)} 19. Nb5 {(02:51)}
Rfe8 {(04:17)} 20. Rxe8+ {(03:20)} Rxe8 {(00:28)} 21.
Rxe8+ {(00:02)} Qxe8 {(00:32)} 22. Nxd6 {(00:08)} Qe5 {
(06:46)} 23. Nxf5 {(00:46)} Qxf5 {(00:56)} 24. d6+ {
(01:10)} Qf7 {(03:04)} 25. Qxc5 {(01:23)} Nf6 {(02:
24)} 26. Qc8+ {(02:48)} Qe8 {(02:43)} 27. d7 {(02:01)} 1-0

[Event "42nd Olympiad Baku 2016 Women"]
[Site "Baku"]
[Date "2016.09.04"]
[Round "3.29"]
[White "Baciu, Diana"]
[Black "Mendieta, Kathya"]
[Result "1-0"]
[ECO "B30"]
[WhiteElo "2279"]
[BlackElo "1943"]
[Annotator ""]
[PlyCount "80"]
[EventDate "2016.??.??"]
[EventCountry "AZE"]
[SourceTitle "playchess.com"]
[Source "ChessBase"]
[WhiteTeam "Moldova"]
[BlackTeam "Nicaragua"]
[WhiteTeamCountry "MDA"]
[BlackTeamCountry "NCA"]
[TimeControl "40/5400+30:1800+30"]

1. e4 {(00:00)} c5 {(00:07)} 2. Nf3 {(00:00)} Nc6 {
(00:16)} 3. Bb5 {(00:00)} a6 {(01:38)} 4. Bxc6 {(
00:01)} bxc6 {(00:16)} 5. O-O {(00:24)} d6 {(00:21)} 6. h3
{(00:30)} Nf6 {(01:27)} 7. e5 {(05:16)} Nd5 {(07:
27)} 8. Re1 {(01:21)} e6 {(01:34)} 9. d3 {(03:59)} Be7 {
(06:14)} 10. Nbd2 {(00:32)} O-O {(04:00)} 11. c4 {(
06:07)} Nb6 {(03:56)} 12. exd6 {(00:33)} Bxd6 {(00:37)}
13. Ne4 {(00:20)} Be7 {(08:55)} 14. Ne5 {(03:52)} Qe8 {
(15:38)} 15. Qb3 {(02:18)} Rb8 {(04:55)} 16. Bf4 {(
03:39)} Rb7 {(04:18)} 17. Qa3 {(01:22)} f6 {(01:26)} 18.
Nf3 {(00:44)} e5 {(00:39)} 19. Be3 {(04:23)} Qg6 {(
03:37)} 20. Bxc5 {(10:17)} Bxc5 {(15:44)} 21. Nxc5 {(00:
48)} Rbf7 {(00:17)} 22. Re3 {(02:40)} Qh5 {(02:45)} 23.
Ne4 {(02:04)} g5 {(03:21)} 24. Nd6 {(02:08)} Rg7 {(
00:12)} 25. Nxc8 {(00:52)} Nxc8 {(00:02)} 26. Nh2 {(00:47]
} Ne7 {(01:46)} 27. d4 {(02:37)} Ng6 {(04:44)} 28. Ng4 {
(02:50)} f5 {(03:29)} 29. Nxe5 {(01:33)} f4 {(00:
39)} 30. Nxg6 {(02:41)} Rxg6 {(00:29)} 31. Re5 {(03:37)}
f3 {(00:28)} 32. Rae1 {(02:52)} Rgf6 {(01:34)} 33. Qe3 {
(02:41)} h6 {(00:05)} 34. Re8 {(00:25)} fxg2 {(00:
56)} 35. Rxf8+ {(00:23)} Rxf8 {(00:01)} 36. Kxg2 {(00:45)}
Qh4 {(02:41)} 37. f3 {(03:28)} a5 {(00:58)} 38. Qe6+ {
(00:39)} Kg7 {(00:51)} 39. Qd7+ {(02:14)} Kg8 {(00:
31)} 40. Re7 {(00:00)} Rf4 1-0

[Event "42nd Olympiad Baku 2016 Women"]
[Site "Baku"]
[Date "2016.09.04"]
[Round "3.9"]
[White "Bahji, Hind"]
[Black "Terao, Juliana Sayumi"]
[Result "0-1"]
[ECO "E21"]
[WhiteElo "1948"]
[BlackElo "2268"]
[Annotator ""]
[PlyCount "74"]
[EventDate "2016.??.??"]
[EventCountry "AZE"]
[SourceTitle "playchess.com"]
[Source "ChessBase"]
[WhiteTeam "Morocco"]
[BlackTeam "Brazil"]
[WhiteTeamCountry "MAR"]
[BlackTeamCountry "BRA"]
[TimeControl "40/5400+30:1800+30"]

1. d4 {(00:00)} Nf6 {(00:00)} 2. c4 {(00:00)} e6 {(
00:04)} 3. Nc3 {(00:00)} Bb4 {(00:13)} 4. Nf3 {(02:06)} b6
{(00:21)} 5. e3 {(02:48)} Bxc3+ {(04:49)} 6. bxc3 {
(00:05)} Bb7 {(00:09)} 7. Bd3 {(04:09)} O-O {(01:
55)} 8. O-O {(00:39)} d6 {(02:39)} 9. Re1 {(08:35)} Re8 {
(02:34)} 10. e4 {(12:23)} e5 {(00:22)} 11. Qc2 {(
04:38)} Nbd7 {(01:01)} 12. g3 {(10:49)} Nf8 {(02:08)} 13.
Rb1 {(11:17)} N6d7 {(08:25)} 14. Ba3 {(08:31)} Qf6 {
(00:58)} 15. Re3 {(06:44)} Ne6 {(08:44)} 16. d5 {(
01:39)} Nec5 {(01:11)} 17. Nd2 {(00:33)} a5 {(02:57)} 18.
Bf1 {(05:18)} Qh6 {(01:04)} 19. Be2 {(02:09)} Rad8 {
(05:39)} 20. Bg4 {(01:26)} Nf6 {(02:26)} 21. Be2 {(
00:58)} Bc8 {(00:19)} 22. Bxc5 {(01:39)} dxc5 {(00:04)}
23. Bf3 {(01:27)} Rf8 {(00:21)} 24. Nf1 {(02:40)} Ne8 {
(00:14)} 25. Ree1 {(00:38)} Nd6 {(01:54)} 26. Ne3 {
(00:43)} g6 {(00:20)} 27. Qe2 {(01:10)} Rde8 {(01:
17)} 28. Nc2 {(01:01)} f5 {(14:38)} 29. Rb2 {(00:36)} Qg5
{(09:59)} 30. Na3 {(00:44)} fxe4 {(02:37)} 31. Bxe4 {
(01:43)} Bg4 {(00:06)} 32. Qd3 {(02:54)} Nxe4 {(06:
08)} 33. Qxe4 {(00:07)} Bf3 {(00:06)} 34. Qd3 {(01:53)} e4
{(00:48)} 35. Qd2 {(00:53)} Qg4 {(03:03)} 36. Qh6 {
(02:02)} Re5 {(00:19)} 37. h3 {(00:38)} Rh5 {(00:
10)} 0-1

[Event "42nd Olympiad Baku 2016 Women"]
[Site "Baku"]
[Date "2016.09.04"]
[Round "3.6"]
[White "Bakri, Alia Anin Azwa"]
[Black "Mbo, Mabedi"]
[Result "1-0"]
[ECO "D46"]
[WhiteElo "1923"]
[BlackElo "1531"]
[Annotator ""]
[PlyCount "61"]
[EventDate "2016.??.??"]
[EventCountry "AZE"]
[SourceTitle "playchess.com"]
[Source "ChessBase"]
[WhiteTeam "Malaysia"]
[BlackTeam "Botswana"]
[WhiteTeamCountry "MAS"]
[BlackTeamCountry "BOT"]
[TimeControl "40/5400+30:1800+30"]

1. d4 {(00:00)} d5 {(00:00)} 2. c4 {(00:06)} c6 {(
00:00)} 3. Nc3 {(00:31)} Nf6 {(00:02)} 4. Nf3 {(00:31)}
Nbd7 {(01:02)} 5. e3 {(09:58)} e6 {(00:46)} 6. Bd3 {
(00:31)} Bd6 {(19:21)} 7. O-O {(06:47)} O-O {(00:
29)} 8. Qc2 {(09:28)} Re8 {(01:54)} 9. e4 {(03:49)} dxe4 {
(06:15)} 10. Nxe4 {(00:38)} Nxe4 {(01:55)} 11. Bxe4 {
(00:01)} Nf6 {(00:13)} 12. Bd3 {(02:26)} g6 {(04:
59)} 13. Bg5 {(07:08)} Be7 {(00:07)} 14. Rad1 {(08:02)}
Nh5 {(01:43)} 15. Be3 {(01:22)} Bf6 {(04:09)} 16. Qb3 {
(08:16)} Qc7 {(03:09)} 17. Rfe1 {(03:03)} Bg7 {(07:
38)} 18. Bf1 {(02:35)} b6 {(03:44)} 19. d5 {(04:19)} cxd5
{(00:33)} 20. cxd5 {(00:01)} exd5 {(00:13)} 21. Bf4 {
(02:53)} Nxf4 {(12:23)} 22. Rxe8+ {(00:09)} Bf8 {(
00:17)} 23. Nd4 {(15:41)} Qd7 {(00:53)} 24. Rde1 {(04:14)}
h6 {(06:31)} 25. g3 {(06:22)} Nh5 {(02:46)} 26. Qb4 {
(00:41)} Kg7 {(04:08)} 27. Qxf8+ {(00:17)} Kf6 {(
00:20)} 28. R8e7 {(01:44)} Bb7 {(02:26)} 29. Qxf7+ {(00:
20)} Kg5 {(00:25)} 30. R1e5+ {(00:28)} Qf5 31. Rxf5+ {(00:
17)} 1-0